 Dungeon Crawl Stone Soup version 0.26-a0-1181-gd376ed14c5 (webtiles) character file.

Game seed: 13864062371155373359

4 runemasterragnar the Skirmisher (level 1, -6/24 HPs)
             Began as an Ogre Delver on Dec 26, 2020.
             Mangled by a centaur (9 damage)
             ... on level 5 of the Dungeon.
             The game lasted 00:00:17 (67 turns).

runemasterragnar the Skirmisher (Ogre Delver)         Turns: 67, Time: 00:00:18

Health: -6/24      AC:  3    Str: 15    XL:     1   Next: 60%
Magic:  1/1        EV: 10    Int: 11    God:
Gold:   38         SH:  0    Dex: 10    Spells: 0/0 levels left

rFire    . . .     SeeInvis .   a - +0 mace
rCold    . . .     Faith    .   (no shield)
rNeg     . . .     Spirit   .   b - +0 robe
rPois    .         Reflect  .   (helmet restricted)
rElec    .         Harm     .   (no cloak)
rCorr    .         Rampage  .   (gloves unavailable)
Will     .....                  (boots unavailable)
Stlth    ++........             (no amulet)
HPRegen  0.08/turn              (no ring)
MPRegen  0.07/turn              (no ring)

@: hasted, very quick
A: large, unfitting armour, tough skin 1
a: no special abilities


You were on level 5 of the Dungeon.
You visited 1 branch of the dungeon, and saw 1 of its levels.

You collected 38 gold pieces.

Inventory:

Hand Weapons
 a - a +0 mace (weapon)
Armour
 b - a +0 robe (worn)
Wands
 g - a wand of digging (3)
Scrolls
 c - a scroll of fog
 d - a scroll of magic mapping
 e - a scroll of fear
 h - 2 scrolls of remove curse {unknown}


   Skills:
 + Level 4.1 Fighting
 + Level 1.8 Maces & Flails
 + Level 1.8 Dodging
 + Level 3.7 Stealth


You couldn't memorise any spells.
You didn't know any spells.
Your spell library was empty.

Dungeon Overview and Level Annotations

Branches:
Dungeon (5/15)
 Temple: D:4-7

Altars:
Dithmenos


Innate Abilities, Weirdness & Mutations

You are too large for most types of armour.
You have tough skin. (AC +1)


Message History

The jackal bites you but does no damage.
The jackal barely misses you.
You closely miss the jackal. The jackal closely misses you.
The jackal bites you but does no damage.
You sock the jackal!
You kill the jackal!
The centaur unwields a +0 shortbow.
The centaur hits you.
You hit the centaur but do no damage. The centaur hits you. x2
Unknown command.
You are too injured to fight recklessly!
Unknown command.
You are too injured to fight recklessly!
You are too injured to fight recklessly!
You are too injured to fight recklessly!
You are too injured to fight recklessly!
Unknown command.
You feel yourself speed up. The centaur hits you!
* * * LOW HITPOINT WARNING * * *
You barely miss the centaur. The centaur hits you!
You die...

..#.......... ..
..#...#..##.##.# .....#
..)..###....... .....#
.##..###..##..# ....(#
.###..#..###..# .....#
..##.....##(.### .....#
...............## .)...##
##.........##...##.......
###..._...####..@ch......
##.........##..###.......
..........)....# .......
..##.....##..### .......
.# #..#..###..## .......
.##..###..##.... .......
....###.....#### #####..
####..#...#### ..
#......#


You could see a centaur and a jackal.

Vanquished Creatures
  3 jackals (D:5)
3 creatures vanquished.

Notes
Turn   | Place    | Note
-------+----------+-------------------------------------------
     0 | D:5      | runemasterragnar the Ogre Delver began the quest for the
                  | Orb.
     0 | D:5      | Reached XP level 1. HP: 24/24 MP: 1/1
    16 | D:5      | Found a shadowy altar of Dithmenos.
    55 | D:5      | Noticed a centaur
    67 | D:5      | Mangled by a centaur

Illustrated notes

Levels and vault maps discovered:
D:5:      layout_basic, nicolae_dithmenos_shadow_blocks,
          amethyst_overflow_temple_binary, st_stairs_8, grunt_decor_arrowhead,
          doesnt_xom_only_xom

Action                   || total
-------------------------++-------
Melee: Mace              ||    10
  Use: Potion            ||     1
Armor: Robe              ||     3
Dodge: Dodged            ||     8

Table legend: (Time is in decaauts)
 A = Elapsed time spent in this place.
 B = Non-inter-level travel time spent in this place.
 C = Inter-level travel time spent in this place.
 D = Time resting spent in this place.
 E = Time spent auto-exploring this place.
 F = Levels seen in this place.
 G = Mean time per level.
                   A        B        C        D        E       F      G
               +--------+--------+--------+--------+--------+-----+--------+
         Total |     69 |     69 |      0 |      0 |     46 |   1 |   69.0 |
       Dungeon |     69 |     69 |      0 |      0 |     46 |   1 |   69.0 |
               +--------+--------+--------+--------+--------+-----+--------+

Top non-repeatable levels by time:
     D:5: 69 daAuts
